 Dungeon Crawl Stone Soup version 0.16-a0-296-gbdb9f68 (webtiles) character file.

314 DrPain the Basher (level 6, -7/78 HPs)
             Began as a Minotaur Berserker on Aug 29, 2014.
             Was a Priest of Trog.
             Mangled by an ogre
             ... wielding a +0 giant spiked club
              (14 damage)
             ... on Level 5 of the Dungeon.
             The game lasted 00:13:52 (3832 turns).

DrPain the Basher (Minotaur Berserker)              Turns: 3832, Time: 00:13:52

HP  -7/78        AC 12     Str 27      XL: 6   Next: 19%
MP   3/3         EV  7     Int  4      God: Trog [***...]
Gold 264         SH  9     Dex 11      Spells:  0 memorised,  5 levels left

rFire  . . .     SeeInvis .     a - +0 mace
rCold  . . .     Clarity  .     d - +0 plate armour
rNeg   . . .     rCorr    .     m - +0 shield
rPois  .         rRot     .     (helmet restricted)
rElec  .         Spirit   .     (no cloak)
SustAb .         Warding  .     b - +0 pair of gloves
rMut   .         Stasis   .     (no boots)
Gourm  .                        (no amulet)
MR     .....                    (no ring)
                                k - +3 ring of evasion

@: berserking, very quick, not resistant to hostile enchantments, extremely
unstealthy
A: retaliatory headbutt, horns 2
a: Burn Spellbooks, Berserk, Trog's Hand, Renounce Religion


You were on level 5 of the Dungeon.
You worshipped Trog.
Trog was most pleased with you.
You were not hungry.

You visited 1 branch of the dungeon, and saw 5 of its levels.

You collected 264 gold pieces.

Inventory:

Hand weapons
 a - a +0 mace (weapon)
 p - a +0 flail
Armour
 b - a +0 pair of gloves (worn)
 d - a +0 plate armour (worn)
 m - a +0 shield (worn)
Comestibles
 c - 3 bread rations
 f - 2 meat rations
 n - 2 beef jerkies
Scrolls
 e - 2 scrolls of remove curse
 g - a scroll of identify
 i - a scroll of teleportation
 j - 4 scrolls of immolation
 o - a scroll of recharging
 q - a scroll of blinking {unknown}
Jewellery
 k - a +3 ring of evasion (left hand)


   Skills:
 * Level 3.7 Fighting
 + Level 8.0 Maces & Flails
 + Level 2.5 Armour
 + Level 2.4 Dodging
 + Level 1.4 Shields


You had 5 spell levels left.
You didn't know any spells.

Dungeon Overview and Level Annotations

Branches:
Dungeon (5/15)
 Temple: D:4-7

Altars:


Innate Abilities, Weirdness & Mutations

You reflexively headbutt those who attack you in melee.
You have a pair of horns on your head.


Message History

* * * LOW HITPOINT WARNING * * *
You thump the rat!
You kill the rat!
Trog accepts your kill. You block the ogre's attack.
You block the ogre's attack. You block the ogre's attack.
Use which ability? (? or * to list)
A red film seems to cover your vision as you go berserk!
You feel yourself moving faster!
You feel mighty!
You feel quite a bit more hungry.
The ogre hits you with a giant spiked club!
* * * LOW HITPOINT WARNING * * *
Your plate armour prevents you from hitting the ogre.
The ogre is lightly wounded.
You hear the slow rusting of a drain, a long way away.
You thump the ogre!
The ogre is heavily wounded.
The ogre hits you with a giant spiked club!
You die...

#..................##'##
#..................#....
#..........####+####....
#..........#............
#..........#............
#..........#......##....
#..........#......####+#
#......O...'............
#....<.@...#####+###....
#..................# ...
#..................# .
#..................
#..................
#..................
#.....#####.......
.....# #...... ...#
#.....


You could see an ogre.

Vanquished Creatures
  A phantom (D:4)
  An orc priest (D:4)
  A hound (D:4)
  An orc wizard (D:4)
  2 adders
  A giant mite (D:2)
  2 worms
  An adder skeleton (D:4)
  3 giant geckos
  4 orcs (D:4)
  4 giant cockroaches
  15 hobgoblins
  A quokka (D:4)
  9 bats
  3 giant newts
  9 goblins
  8 jackals
  12 kobolds
  10 rats
  A rat skeleton (D:4)
  A rat zombie (D:5)
90 creatures vanquished.

Notes
Turn   | Place    | Note
--------------------------------------------------------------
     0 | D:1      | DrPain, the Minotaur Berserker, began the quest for the Orb.
     0 | D:1      | Reached XP level 1. HP: 19/19 MP: 1/1
    35 | D:1      | Reached skill level 4 in Maces & Flails
   508 | D:1      | Reached XP level 2. HP: 23/26 MP: 1/1
   843 | D:1      | Acquired Trog's second power
  1057 | D:1      | Reached skill level 5 in Maces & Flails
  1216 | D:1      | Reached XP level 3. HP: 31/31 MP: 2/2
  2162 | D:2      | Reached XP level 4. HP: 15/39 MP: 2/2
  2370 | D:2      | Reached skill level 6 in Maces & Flails
  2956 | D:4      | Reached XP level 5. HP: 43/45 MP: 2/2
  3042 | D:4      | Reached skill level 7 in Maces & Flails
  3047 | D:4      | Noticed a phantom
  3069 | D:4      | Killed a phantom
  3069 | D:4      | Reached skill level 1 in Shields
  3307 | D:4      | Reached XP level 6. HP: 5/52 MP: 3/3
  3309 | D:4      | Reached skill level 8 in Maces & Flails
  3318 | D:4      | Acquired Trog's third power
  3731 | D:5      | Entered Level 5 of the Dungeon
  3832 | D:5      | Mangled by an ogre

Action                   |  1- 3 |  4- 6 || total
-------------------------+-------+-------++-------
Melee: Mace              |   104 |   117 ||   221
Invok: Berserk           |       |     1 ||     1
  Use: Scroll            |     6 |     2 ||     8
       Potion            |     3 |     5 ||     8
  Eat: Meat ration       |     1 |       ||     1
       Royal jelly       |       |     1 ||     1
       Bread ration      |       |     1 ||     1
